[Event "fics rated crazyhouse match"]
[Site "fics, Oklahoma City, OK USA"]
[Date "2000.12.29"]
[White "valdushka"]
[WhiteElo "2210"]
[Black "venomous"]
[BlackElo "2421"]
[TimeControl "60+0"]
[Result "0-1"]

1. e4 Nf6 2. Nc3 d5 3. exd5 Nxd5 4. Nxd5 Qxd5 5. d4 e6 6. Nf3 
Nc6 7. Be2 Bb4+ 8. Bd2 Bxd2+ 9. Qxd2 N@e4 10. Qe3 P@g4 11. Ne5 Nxe5 
12. dxe5 B@d2+ 13. Kf1 Bxe3 
{valdushka resigns} 0-1

[Event "fics rated crazyhouse match"]
[Site "fics, Oklahoma City, OK USA"]
[Date "2000.12.29"]
[White "venomous"]
[WhiteElo "2425"]
[Black "valdushka"]
[BlackElo "2206"]
[TimeControl "60+0"]
[Result "1-0"]

1. e4 Nf6 2. Nc3 e6 3. d4 Bb4 4. Bd3 d5 5. exd5 Nxd5 6. Bd2 
Bxc3 7. bxc3 Nc6 8. Nf3 Qe7 9. O-O P@f5 10. Re1 N@g4 11. Bxf5 Ngf6 
12. Bd3 Bd7 13. P@e4 Nb6 14. B@h4 O-O-O 15. P@e5 Kb8 16. a4 Rhg8 17. a5 
Nxa5 18. Rxa5 P@a6 19. c4 Bc6 20. c5 Nc8 21. exf6 gxf6 22. N@g3 P@g5 
23. Bdxg5 fxg5 24. Bxg5 Qd7 25. N@f6 Qe7 26. Nxg8 Qe8 27. Nf6 
{valdushka resigns} 1-0

[Event "fics rated crazyhouse match"]
[Site "fics, Oklahoma City, OK USA"]
[Date "2000.12.29"]
[White "valdushka"]
[WhiteElo "2202"]
[Black "venomous"]
[BlackElo "2429"]
[TimeControl "60+0"]
[Result "0-1"]

1. d4 Nf6 2. Nc3 e6 3. e4 Bb4 4. Bd3 Nc6 5. Nf3 d5 6. Bg5 
dxe4 7. Bxf6 exf3 8. Bxd8 fxg2 9. Rg1 Nxd8 10. Rxg2 P@a3 11. P@d2 axb2 
12. Rb1 Bxc3 13. dxc3 B@h6 14. B@e3 P@f4 15. Bxf4 Bxf4 16. P@e3 Bh6 17. N@g4 
B@g5 18. Rxb2 N@h4 19. Rg1 N@f3+ 20. Qxf3 Nxf3+ 21. Kd1 Q@d2# 
{valdushka checkmated} 0-1

[Event "fics rated crazyhouse match"]
[Site "fics, Oklahoma City, OK USA"]
[Date "2000.12.29"]
[White "venomous"]
[WhiteElo "2432"]
[Black "valdushka"]
[BlackElo "2199"]
[TimeControl "60+0"]
[Result "1-0"]

1. e4 Nf6 2. Nc3 d5 3. exd5 Nxd5 4. Bc4 e6 5. d4 Nc6 6. Nf3 
Bb4 7. Bd2 Bxc3 8. bxc3 N@f4 9. Rg1 Ng6 10. P@e4 Ndf4 11. B@g5 Nxg2+ 
12. Rxg2 P@f6 13. Bge3 P@d5 14. exd5 exd5 15. Bb5 Bh3 16. Rg3 P@g4 17. Ng1 
Qe7 18. N@f5 Qf8 19. P@a6 Ne7 20. axb7 Rd8 21. Nxe7 Qxe7 22. Bxc6+ Kf8 
23. N@f5 N@g2+ 24. Rxg2 Bxg2 25. N@g3 Qe6 26. P@e7+ Qxe7 27. Nxe7 R@e6 28. Nef5 
P@e7 29. Q@c8 
{valdushka resigns} 1-0

[Event "fics rated crazyhouse match"]
[Site "fics, Oklahoma City, OK USA"]
[Date "2000.12.29"]
[White "valdushka"]
[WhiteElo "2196"]
[Black "venomous"]
[BlackElo "2435"]
[TimeControl "60+0"]
[Result "1-0"]

1. e4 Nf6 2. Nc3 d5 3. exd5 Nxd5 4. Nxd5 Qxd5 5. d4 e6 6. Nf3 
Nc6 7. Be2 Bb4+ 8. P@c3 Be7 9. N@f4 Qd8 10. Nh5 Rg8 11. Bf4 N@d5 
12. Bg3 P@h4 13. Be5 f6 14. Bf4 Nxf4 15. Nxf4 B@h6 16. Nd3 f5 17. N@e5 
Bf6 18. Nxc6 bxc6 19. N@e5 N@e7 20. O-O Bxe5 21. Ndxe5 N@d6 22. Nxh4 Bd7 
23. B@c5 Rf8 24. Bxd6 cxd6 25. P@f7+ Rxf7 26. Nxf7 Kxf7 27. Bh5+ P@g6 28. Bf3 
N@g5 29. N@g3 Nxf3+ 30. Nxf3 B@g4 31. N@e5+ dxe5 32. Nxe5+ Kg8 33. P@f7+ Kh8 
34. Nxg4 fxg4 35. Qxg4 B@f5 36. Qd1 N@f6 37. B@e5 Qf8 38. Bxf6 gxf6 39. R@c7 
B@c8 40. N@d6 N@d5 41. P@b7 Nxc7 42. bxa8=Q Nxa8 43. R@e8 Bxe8 44. fxe8=Q Qxe8 
45. Nxe8 Bd7 46. B@g7+ Bxg7 47. Nxg7 Kxg7 48. Nxf5+ exf5 49. Q@d8 B@f8 50. Qxd7 
R@c7 51. B@h6+ Kxh6 52. Qd8 R@g5 53. Qxa8 
{venomous forfeits on time} 1-0

[Event "fics rated crazyhouse match"]
[Site "fics, Oklahoma City, OK USA"]
[Date "2000.12.29"]
[White "venomous"]
[WhiteElo "2422"]
[Black "valdushka"]
[BlackElo "2209"]
[TimeControl "60+0"]
[Result "1-0"]

1. e4 Nf6 2. Nc3 d5 3. exd5 Nxd5 4. Bc4 e6 5. Nf3 Nxc3 6. bxc3 
Nc6 7. d4 P@d5 8. Bb5 Bd7 9. O-O N@e4 10. Bd2 Bd6 11. Rb1 Nxd2 
12. Qxd2 B@h6 13. P@g5 Bxg5 14. Nxg5 P@f6 15. Nf3 Qe7 16. N@h5 Rg8 17. Rfe1 
Rb8 18. B@g3 Bxg3 19. Nxg3 B@g6 20. N@f5 Bxf5 21. Nxf5 Qd8 22. Bxc6 Bxc6 
23. N@a5 B@d7 24. Nxc6 Bxc6 25. B@a3 N@d6 26. Bxd6 cxd6 27. N@b4 B@e7 28. Nxc6 
bxc6 29. Rxb8 Qxb8 30. Nxe7 Kxe7 31. R@b1 R@b6 32. Rxb6 axb6 33. B@a3 N@e8 
34. B@g3 R@d7 35. B@b4 c5 36. dxc5 bxc5 37. Bxc5 N@b5 38. Bcxd6+ Nbxd6 39. Baxd6+ 
Nxd6 40. P@c5 Nc4 41. B@d6+ Nxd6 42. cxd6+ Ke8 43. N@c7+ Rxc7 44. dxc7 Qc8 
45. R@d8+ Qxd8 46. cxd8=Q+ Kxd8 47. Q@c7+ Ke8 48. R@d8# 
{valdushka checkmated} 1-0

[Event "fics rated crazyhouse match"]
[Site "fics, Oklahoma City, OK USA"]
[Date "2000.12.29"]
[White "valdushka"]
[WhiteElo "2205"]
[Black "venomous"]
[BlackElo "2426"]
[TimeControl "60+0"]
[Result "0-1"]

1. e4 e6 2. Nc3 Nc6 3. d4 Nf6 4. d5 exd5 5. exd5 Qe7+ 6. Qe2 
Nb4 7. Qxe7+ Bxe7 8. Q@d1 Q@e5+ 9. P@e3 Nfxd5 10. Nxd5 Qxd5 11. Qxd5 Nxd5 
12. Nf3 N@b4 13. N@d4 P@c5 14. Q@d1 cxd4 15. Nxd4 P@c5 16. Nf5 Q@f6 17. P@e4 
d6 18. Nxg7+ Qxg7 19. exd5 Bf5 20. P@d3 Nxd5 21. e4 Bg4 22. Be2 Bxe2 
23. Qxe2 N@f4 24. Bxf4 Nxf4 25. Qd2 Nxg2+ 26. Kd1 N@f3 27. Qe2 Nd4 28. Qd2 
B@f3+ 29. Kc1 P@a3 30. B@c3 axb2+ 31. Bxb2 Nh4 32. N@f5 Nhxf5 33. exf5 Bxh1 
34. P@d7+ Kxd7 35. N@d5 R@g1+ 36. N@d1 Bxd5 37. c3 N@e2+ 38. Kb1 P@c2+ 39. Qxc2 
Nxc2 40. Kxc2 P@b3+ 41. axb3 Bxb3+ 42. Kxb3 P@a4+ 43. Rxa4 Rxd1 
{valdushka forfeits on time} 0-1

[Event "fics rated crazyhouse match"]
[Site "fics, Oklahoma City, OK USA"]
[Date "2000.12.29"]
[White "venomous"]
[WhiteElo "2430"]
[Black "valdushka"]
[BlackElo "2201"]
[TimeControl "60+0"]
[Result "1-0"]

1. e4 Nf6 2. Nc3 e6 3. d4 d5 4. e5 Ne4 5. Bd3 Nxc3 6. bxc3 
Nc6 7. Nh3 N@e4 8. Bxe4 dxe4 9. N@g5 B@g6 10. N@g3 Be7 11. N5xe4 Bxe4 
12. Nxe4 N@d5 13. Bd2 Bd7 14. O-O Na5 15. B@d3 Bc6 16. c4 Nxc4 17. Bxc4 
P@f5 18. Neg5 Nb6 19. Be2 Qxd4 20. Nxf7 Kxf7 21. N@g5+ Ke8 22. P@f7+ Kd8 
23. Nxe6+ Kc8 24. Nxd4 
{valdushka resigns} 1-0

[Event "fics rated crazyhouse match"]
[Site "fics, Oklahoma City, OK USA"]
[Date "2000.12.29"]
[White "invisibill"]
[WhiteElo "2155"]
[Black "Thufir"]
[BlackElo "2392"]
[TimeControl "60+0"]
[Result "0-1"]

1. e4 e6 2. d4 Nc6 3. Nc3 Nf6 4. e5 Nd5 5. Nxd5 exd5 6. Nf3 
d6 7. exd6 cxd6 8. N@h5 P@e4 9. Ng1 N@f6 10. Bg5 Rg8 11. Bxf6 gxf6 
12. P@g7 Be7 13. N@h6 B@g4 14. Be2 Bxh5 15. Bxh5 Rxg7 16. B@h8 Rxg2 17. Bxf7+ 
Kd7 18. P@e6+ Kc7 19. Ng4 P@f3 20. Nxf3 exf3 21. Qxf3 P@d2+ 22. Kxd2 N@c4+ 
23. Kc1 Rxg4 24. Qxg4 Qxh8 25. P@b5 B@d2+ 26. Kb1 N@a3+ 27. bxa3 N@c3# 
{invisibill checkmated} 0-1

[Event "fics rated crazyhouse match"]
[Site "fics, Oklahoma City, OK USA"]
[Date "2000.12.29"]
[White "Thufir"]
[WhiteElo "2395"]
[Black "invisibill"]
[BlackElo "2152"]
[TimeControl "60+0"]
[Result "1-0"]

1. e4 e6 2. Nf3 Nc6 3. d4 Bb4+ 4. c3 Be7 5. Bd3 Nf6 6. O-O 
h6 7. e5 Nd5 8. c4 Nb6 9. Nc3 d6 10. exd6 cxd6 11. Be3 P@f5 
12. d5 exd5 13. cxd5 Nb8 14. Bxb6 axb6 15. N@h5 B@f6 16. Bb5+ P@c6 17. dxc6 
bxc6 18. Bc4 P@g6 19. Ng3 Na6 20. Be2 Nc5 21. P@d4 Ne6 22. P@d5 cxd5 
23. Nxd5 Bb7 24. Nxe7 Bxe7 25. B@b5+ P@c6 26. Bbd3 N@g4 27. P@h3 Nf6 28. P@e5 
dxe5 29. dxe5 Nd7 30. P@d6 Bf8 31. Bc2 c5 32. Ne1 P@d5 33. Bf3 Qb8 
34. b3 Nd8 35. Rc1 f6 36. exf6 Nxf6 37. P@e7 Bxe7 38. dxe7 Kxe7 39. Nd3 
P@e6 40. B@e5 P@d6 41. Bxf6+ gxf6 42. N@b5 P@c6 43. Nc3 B@d4 44. Nf4 Bxc3 
45. Nxg6+ Kf7 46. Nxh8+ Kg7 47. R@g6+ Kxh8 48. P@g7+ Kh7 49. Bh5 Nf7 50. Bxf5 
exf5 51. Rxc3 d4 52. Rf3 N@e2+ 53. Nxe2 B@e5 54. N@f8+ Qxf8 55. gxf8=N+ Rxf8 
56. Q@g7# 
{invisibill checkmated} 1-0

[Event "fics rated crazyhouse match"]
[Site "fics, Oklahoma City, OK USA"]
[Date "2000.12.29"]
[White "invisibill"]
[WhiteElo "2149"]
[Black "Thufir"]
[BlackElo "2398"]
[TimeControl "60+0"]
[Result "0-1"]

1. e4 e6 2. d4 Nc6 3. Nc3 Nf6 4. e5 Nd5 5. Nf3 d6 6. exd6 
cxd6 7. a3 Be7 8. Nxd5 exd5 9. P@h6 Rg8 10. hxg7 Bg4 11. N@h5 Bxh5 
12. h3 P@e4 13. Be2 exf3 14. Bxf3 Bxf3 15. Qxf3 Nxd4 16. Qd3 B@f6 17. Qxh7 
Rxg7 18. Qd3 P@c4 19. Qd2 P@f3 20. P@e3 fxg2 21. exd4 N@f3+ 22. Kd1 gxh1=Q+ 
23. B@e1 Nxd2 24. Bxd2 Qxh3 25. P@e2 Bxd4 26. N@f3 Bxb2 27. Rb1 Bxa3 28. Rxb7 
R@a1+ 29. N@b1 P@a2 30. P@c6 axb1=Q+ 31. Rxb1 Rxb1+ 32. Bc1 Rxc1+ 33. Kd2 Rxe1 
34. P@d7+ Kf8 35. Nxe1 B@c1+ 36. Kd1 N@c3# 
{invisibill checkmated} 0-1

[Event "fics rated crazyhouse match"]
[Site "fics, Oklahoma City, OK USA"]
[Date "2000.12.29"]
[White "Thufir"]
[WhiteElo "2401"]
[Black "invisibill"]
[BlackElo "2146"]
[TimeControl "60+0"]
[Result "1-0"]

1. e4 e6 2. d4 Nc6 3. Nf3 Bb4+ 4. c3 Be7 5. Bd3 Nf6 6. O-O 
d5 7. exd5 Nxd5 8. c4 Nb6 9. P@e5 Nxd4 10. Nxd4 Bc5 11. Nf3 Nd7 
12. Nc3 Bb4 13. N@h5 Rg8 14. Bxh7 Bxc3 15. bxc3 
{invisibill resigns} 1-0

[Event "fics rated crazyhouse match"]
[Site "fics, Oklahoma City, OK USA"]
[Date "2000.12.30"]
[White "Leech"]
[WhiteElo "2253"]
[Black "sysco"]
[BlackElo "2273"]
[TimeControl "180+0"]
[Result "1-0"]

1. e4 e6 2. d4 Nc6 3. Nc3 Bb4 4. Nf3 Nf6 5. e5 Nd5 6. Bd2 
Bxc3 7. bxc3 d6 8. Bb5 Bd7 9. O-O dxe5 10. Bxc6 Bxc6 11. Nxe5 P@f6 
12. Nxc6 bxc6 13. P@e4 Ne7 14. B@b4 B@g6 15. e5 N@e4 16. Bxe7 Qxe7 17. B@b7 
O-O 18. Bxc6 fxe5 19. dxe5 B@d5 20. Bxd5 exd5 21. B@d4 P@c5 22. P@f6 gxf6 
23. exf6 Nxf6 24. Bxf6 Qxf6 25. N@g4 Qd6 26. N@f6+ Kh8 27. P@g7+ Kxg7 28. Bh6# 
{sysco resigns} 1-0